 Dungeon Crawl Stone Soup version 0.32-a0-314-g526f7d4993 (webtiles) character file.

Game seed: 10873076715920319044

12 Bravepunisher the Ducker (level 2, 16/16 HPs)
             Began as a Spriggan Monk on Feb 15, 2024.
             Quit the game on level 4 of the Dungeon.
             The game lasted 00:02:45 (511 turns).

Bravepunisher the Ducker (Spriggan Monk)             Turns: 511, Time: 00:02:46

Health: 16/16      AC:  2    Str:  7    XL:     2   Next: 20%
Magic:  3/3        EV: 19    Int: 11    God:
Gold:   65         SH:  0    Dex: 17    Spells: 1/1 levels left

rFire   . . .        a - +0 short sword
rCold   . . .        (no shield)
rNeg    . . .        b - +0 robe
rPois   .            (helmet restricted)
rElec   .            (no cloak)
rCorr   .            (gloves unavailable)
SInv    +            (boots unavailable)
Will    .....        (no amulet)
Stlth   ++           (no ring)
HPRegen 0.22/turn    (no ring)
MPRegen 0.08/turn

%: no passive effects
@: very quick
A: very small, no large weapons, unfitting armour, see invisible, speed 3
a: no special abilities


You were on level 4 of the Dungeon.
You visited 1 branch of the dungeon, and saw 4 of its levels.

You collected 65 gold pieces.

Inventory:

Hand Weapons
 a - a +0 short sword (weapon)
Armour
 b - a +0 robe (worn)
Potions
 c - a potion of ambrosia


   Skills:
 + Level 2.6 Fighting
 - Level 3.2 Short Blades
 * Level 4.6 Dodging


You had one spell level left.
You didn't know any spells.
Your spell library contained the following spells:

 Spells                   Type           Power      Damage    Failure   Level
 Slow                     Hex            0%         N/A       34%         1
 Confusing Touch          Hex            0%         N/A       71%         3
 Sigil of Binding         Hex            0%         N/A       71%         3
 Vampiric Draining        Necr           0%         2d6       71%         3


Dungeon Overview and Level Annotations

Branches:
Dungeon (4/15)
 Temple: D:4-7

Altars:
Dithmenos
Yredelemnul

Shops:
D:1 ?


Innate Abilities, Weirdness & Mutations

You are very small and have problems with some larger weapons.
You are too small for most types of armour.
You have supernaturally acute eyesight. (SInv)
You cover ground extremely quickly. (Speed+++)


Message History

The kobold is moderately wounded.
The kobold hits you with a +0 whip.
You hit the kobold.
You kill the kobold!
d - a ring of resist corrosion
Things that are here:
a +0 whip; 5 stones You drop a ring of resist corrosion.
There is a stone staircase leading up here.
You open the door.
There is an open door here.
HP restored.
There is an open door here.
Things that are here:
a ring of resist corrosion; a +0 whip; 5 stones
There is an open door here.
You now have 48 gold pieces (gained 14).
You now have 65 gold pieces (gained 17).
There is an open door here.
The orc shouts!
You hear a shout! x2
You completely miss the orc. The orc completely misses you.
The orc shouts!
The orc misses you.
You hit the orc but do no damage. The orc completely misses you.
The orc completely misses you. The orc misses you.
The orc attacks as it pursues you! The orc closely misses you.
The orc attacks as it pursues you! The orc misses you.
There is an open door here.
You open the door.
There is an open door here.
You open the door.
There is an open door here.
Found a serpent talisman.
The kobold shouts!
The kobold throws a stone.
The stone completely misses you.
The kobold throws a stone.
The stone misses you.
You aren't carrying any scrolls.
Unknown command.
Are you sure you want to abandon this character and quit the game? (Confirm with "yes".)

#.o....#...#...
#......#...#...
#......#...#...
#......#...#...
######......#...#...
#.....K%....#####...
#.....######........
#.....# #........
#..@..# #........
#.....# #...$.###
#.....# #.....#
#.....# #.....#
#.....# #.....#
#.....# #.....#
####### #######


You could see a kobold.

Vanquished Creatures
  A giant cockroach (D:4)
  A hobgoblin (D:1)
  A ball python (D:1)
  2 bats
  2 frilled lizards (D:2)
  A kobold (D:4)
8 creatures vanquished.

Notes
Turn   | Place    | Note
-------+----------+-------------------------------------------
     0 | D:1      | Bravepunisher the Spriggan Monk began the quest for the
                  | Orb.
     0 | D:1      | Reached XP level 1. HP: 11/11 MP: 2/2
   119 | D:1      | Found Isashij's Magic Scroll Emporium.
   201 | D:2      | Reached XP level 2. HP: 16/16 MP: 3/3
   231 | D:3      | Found a shadowy altar of Dithmenos.
   270 | D:4      | Found a basalt altar of Yredelemnul.
   298 | D:4      | Noticed a kobold brigand
   511 | D:4      | Quit the game

Illustrated notes

Levels and vault maps discovered:
D:1:      kennysheep_arrival_forest, layout_basic, serial_shops, shop,
          shapermc_ecumenical_altar_pompeii, amcnicky_mini_corridor_feature
D:2:      layout_loops_cross, serial_bayou_lagoon_a
D:3:      layout_basic, lemuel_crystal_altar
D:4:      layout_gridville, yredelemnul_altar_generic

Action                     || total
---------------------------++-------
  Melee: Short sword       ||    25
   Stab: Sleeping          ||     2
 Armour: Robe              ||     8
  Dodge: Dodged            ||    29

Table legend: (Time is in decaauts)
 A = Elapsed time spent in this place.
 B = Non-inter-level travel time spent in this place.
 C = Inter-level travel time spent in this place.
 D = Time resting spent in this place.
 E = Time spent auto-exploring this place.
 F = Levels seen in this place.
 G = Mean time per level.
                   A        B        C        D        E       F      G
               +--------+--------+--------+--------+--------+-----+--------+
         Total |    334 |    334 |      0 |      0 |    118 |   4 |   83.5 |
       Dungeon |    334 |    334 |      0 |      0 |    118 |   4 |   83.5 |
               +--------+--------+--------+--------+--------+-----+--------+

Top non-repeatable levels by time:
     D:4: 167 daAuts
     D:1: 80 daAuts
     D:2: 65 daAuts
     D:3: 22 daAuts
